Map: Taito Citadel LE

Players

WorldLife

  • Race: Protoss Protoss
  • League: Diamond
  • Spawn Location: 5:00

HoldTheDoor - Winner!

  • Race: Protoss Protoss
  • League: Diamond
  • Spawn Location: 11:00

VOD

Have the link to the VOD?

Description

Time

  • Played on: May 3, 2026, 9:40 a.m.
  • Length: 12:15
Show
View Real Time Build Order
Export as new Build Order

WorldLife Protoss 

Build Orders: Zealot Archon 

Get SALT Encoding   

  12  0:01  Probe  
  13  0:13  Pylon, Probe  
  14  0:22  Probe  
  15  0:35  Gateway  
  15  0:43  Assimilator  
  15  0:45  Probe  
  16  0:57  Probe  
  17  1:08  Pylon  
  17  1:09  Probe  
  18  1:22  Cybernetics Core  
  18  1:31  Gateway  
  18  1:32  Probe  
  19  1:40  Probe  
  19  1:49  Probe  
  20  1:56  Stalker  
  22  2:06  Stalker  
  24  2:23  Stalker  
  26  2:35  Nexus  
  26  2:43  Warp Gate, Stalker  
  26  2:50  Probe  
  29  3:03  Stalker, Pylon  
  31  3:29  Stalker  
  31  3:37  Assimilator  
  31  3:41  Gateway  
  31  3:45  Gateway  
  31  3:55  Robotics Facility  
  31  3:59  Probe  
  32  4:03  Probe  
  33  4:12  Probe, Pylon  
  33  4:15  Probe  
  35  4:23  Shield Battery  
  35  4:24  Probe  
  36  4:26  Probe  
  37  4:32  Probe  
  37  4:34  Shield Battery, Probe  
  39  4:40  Probe  
  39  4:44  Stalker  
  42  4:52  Immortal  
  42  4:53  Probe x2  
  44  5:06  Probe x2  
  50  5:14  Sentry  
  50  5:18  Probe x2  
  54  5:21  Twilight Council  
  54  5:26  Forge  
  54  5:30  Probe x2  
  56  5:37  Charge  
  56  5:39  Protoss Ground Weapons Level 1  
  56  5:40  Immortal  
  60  5:44  Pylon  
  60  5:50  Pylon  
  60  5:54  Probe x2  
  62  6:04  Assimilator  
  62  6:07  Assimilator  
  62  6:16  Gateway  
  62  6:18  Gateway  
  62  6:19  Observer  
  63  6:28  Probe x2  
  65  6:37  Zealot  
  65  6:38  Zealot x3  
  73  6:40  Probe x2  
  73  6:44  Warp Prism  
  77  6:49  Pylon  
  77  6:51  Pylon  
  77  6:54  Pylon  
  77  7:07  Templar Archives  
  77  7:08  Zealot x3  
  83  7:12  Zealot  
  85  7:16  Zealot  
  85  7:22  Zealot  
  89  7:39  Photon Cannon  
  89  7:40  Photon Cannon  
  89  7:41  Photon Cannon  
  89  7:46  Photon Cannon  
  89  7:50  High Templar x4  
  97  7:54  Archon x2  
  97  8:03  Protoss Ground Weapons Level 2  
  97  8:20  Zealot x2  
  97  8:22  Nexus  
  97  8:23  Pylon  
  71  8:47  Zealot x6  
  63  9:07  High Templar x4  
  63  9:08  High Templar  
  69  9:12  Archon x2  
  67  9:19  Probe  
  67  9:20  Probe  
  66  9:29  Probe  
  66  9:32  Probe x2  
  66  9:37  Probe  
  69  9:40  Probe  
  69  9:42  Shield Battery  
  69  9:43  Photon Cannon  
  69  9:44  Probe  
  72  9:46  Probe  
  72  9:50  Probe  
  53  9:55  High Templar x2  
  53  9:56  High Templar, Probe  
  53  9:57  Zealot x3  
  53  9:59  Immortal  
  56  10:05  Archon  
  56  10:06  Archon  
  53  10:13  Gateway  
  55  10:15  Gateway  
  55  10:16  Gateway  
  51  10:35  High Templar x2  
  44  10:36  Zealot x4  
  44  10:40  Archon  
  51  11:01  Nexus  
  51  11:13  Shield Battery  
  51  11:22  High Templar  
  51  11:24  High Templar  
  55  11:28  Archon  
Show
View Real Time Build Order
Export as new Build Order

HoldTheDoor Protoss - Winner!

Build Orders: Zealot Archon 

Get SALT Encoding   

  12  0:00  Probe  
  13  0:12  Probe  
  14  0:17  Pylon  
  14  0:23  Probe  
  15  0:31  Probe  
  16  0:38  Gateway  
  16  0:39  Probe  
  16  0:48  Assimilator  
  17  0:50  Probe  
  18  0:59  Assimilator  
  18  1:03  Probe  
  19  1:07  Assimilator  
  19  1:15  Probe  
  20  1:27  Probe  
  21  1:36  Cybernetics Core  
  21  1:37  Pylon  
  21  1:39  Probe  
  22  1:51  Probe  
  23  2:01  Stalker  
  23  2:03  Probe  
  24  2:13  Warp Gate  
  26  2:24  Robotics Facility  
  26  2:25  Probe  
  26  2:26  Pylon  
  27  2:37  Probe  
  28  2:49  Probe  
  29  2:57  Gateway  
  29  2:59  Gateway  
  29  3:01  Immortal  
  29  3:02  Sentry  
  35  3:15  Shield Battery  
  35  3:44  Immortal  
  39  3:57  Nexus  
  39  4:01  Pylon  
  39  4:14  Pylon  
  39  4:19  Probe  
  39  4:20  Stalker  
  39  4:24  Sentry  
  44  4:26  Zealot  
  47  4:31  Probe  
  47  4:32  Observer  
  48  4:46  Probe  
  48  4:48  Zealot  
  48  4:50  Zealot x2  
  55  4:57  Twilight Council  
  55  5:09  Probe  
  56  5:15  Probe  
  56  5:20  Warp Prism  
  56  5:21  Probe  
  60  5:25  Charge  
  60  5:28  Probe  
  61  5:35  Gateway  
  61  5:40  Probe  
  61  5:41  Probe  
  63  5:46  Zealot  
  65  5:58  Zealot x2  
  65  5:59  Probe  
  65  6:03  Pylon  
  70  6:07  Pylon  
  70  6:16  Templar Archives  
  70  6:19  Pylon  
  70  6:21  Probe x2  
  70  6:23  Pylon  
  70  6:25  Assimilator  
  72  6:31  Forge  
  72  6:33  Pylon  
  72  6:34  Probe x2  
  74  6:43  Immortal  
  74  6:46  Probe  
  79  6:55  Assimilator  
  79  6:57  Pylon  
  79  6:59  Probe  
  80  7:02  High Templar  
  80  7:03  High Templar x2  
  80  7:07  Archon  
  86  7:08  Zealot  
  86  7:13  Protoss Ground Weapons Level 1  
  88  7:23  Gateway  
  88  7:24  Gateway  
  88  7:26  Gateway  
  88  7:28  Gateway, Probe  
  89  7:34  Probe  
  90  7:40  Probe  
  90  7:42  Zealot x4  
  98  8:01  Shield Battery  
  98  8:05  Shield Battery  
  98  8:06  Shield Battery  
  98  8:07  Pylon  
  98  8:15  High Templar x3  
  98  8:16  High Templar  
  98  8:19  Archon x2  
  102  8:34  Zealot x4  
  74  8:56  Zealot x7  
  74  8:57  Zealot  
  86  9:24  Protoss Ground Armor Level 1  
  86  9:30  Zealot x4  
  86  9:31  Zealot x4  
  96  10:00  Zealot  
  96  10:02  Zealot  
  96  10:03  Zealot x3  
  96  10:04  Zealot x3  
  110  10:34  Stalker x8  
  124  10:50  Pylon  
  124  10:53  Gateway, Pylon  
  124  10:58  Pylon  
  124  11:07  High Templar  
  124  11:08  Immortal, High Templar  
  124  11:09  High Templar  
  134  11:11  High Templar x2  
  134  11:12  High Templar x2  
  134  11:14  Archon  
  134  11:16  High Templar  
  134  11:17  Archon x2  
  144  11:22  Archon  
Tags
 
Add a new tag
Caveats
  • Supply blocks, unpowered buildings, or Contaminate may cause inaccurate times.
  • Supply counts are checked every 10 seconds.